 Dungeon Crawl Stone Soup version 0.19.1 (webtiles) character file.

163 SQman the Covered (level 5, -7/50 HPs)
             Began as a Deep Dwarf Abyssal Knight on Dec 18, 2016.
             Was an Initiate of Makhleb.
             Mangled by a small abomination (15 damage)
             ... created by the touch of Lugonu
             ... on level 2 of the Dungeon.
             The game lasted 00:13:58 (1502 turns).

SQman the Covered (Deep Dwarf Abyssal Knight)       Turns: 1502, Time: 00:13:58

Health: -7/50      AC:  5    Str: 17    XL:     5   Next: 20%
Magic:  5/5        EV: 11    Int: 12    God:    Makhleb [......]
Gold:   77         SH:  0    Dex: 12    Spells: 0 memorised, 4 levels left

rFire  . . .     SeeInvis .     a - +1 hand axe
rCold  . . .     Gourm    .     l - +0 ring mail
rNeg   . . .     Faith    .     (no shield)
rPois  .         Spirit   .     (no helmet)
rElec  .         Reflect  .     (no cloak)
rCorr  .         Harm     .     (no gloves)
MR     .....                    (no boots)
Stlth  +.........               g - amulet of magic regeneration
                                m - ring of flight
                                e - ring of flight

@: non-regenerating
A: damage resistance, recharge devices, sense surroundings 1, slow regeneration
3
a: Device Recharging, Renounce Religion, Evoke Flight


You were on level 2 of the Dungeon.
You worshipped Makhleb.
Makhleb was noncommittal.
You were full.

You visited 1 branch of the dungeon, and saw 2 of its levels.
You visited the Abyss 1 time.

You collected 77 gold pieces.

Inventory:

Hand Weapons
 a - a +1 hand axe (weapon)
Armour
 b - a +0 leather armour
 i - a +0 ring mail
 j - a +0 ring mail
 l - a +0 ring mail (worn)
Jewellery
 e - a ring of flight (left hand)
 g - an amulet of magic regeneration (around neck)
 m - a ring of flight (right hand)
Wands
 c - a wand of heal wounds (8/9)
Scrolls
 n - a scroll of identify
Potions
 o - a potion of resistance
Comestibles
 d - a bread ration
 f - a chunk of flesh
 h - a slice of pizza
 k - a meat ration


   Skills:
 + Level 3.7 Fighting
 + Level 3.7 Axes
 + Level 3.8 Armour
 + Level 1.2 Dodging
 + Level 2.4 Invocations
 + Level 1.0 Evocations


You had 4 spell levels left.
You didn't know any spells.

Dungeon Overview and Level Annotations

Branches:
Dungeon (2/15)

Altars:
Makhleb


Innate Abilities, Weirdness & Mutations

You are resistant to damage.
You can recharge devices by infusing magical energy.
You passively map a small area around you.
You do not regenerate.


Message History

Found 38 stones.
Lugonu's wrath finds you! Space warps crazily around you!
Your surroundings suddenly seem different.
You are confused.
Lugonu sends minions to punish you.
A small abomination comes into view.
The small abomination hits you.
You completely miss the small abomination.
The small abomination closely misses you.
You hit the small abomination.
The small abomination is lightly damaged.
The small abomination hits you.
You feel less confused.
You hit the small abomination.
The small abomination is lightly damaged.
The small abomination hits you!
* * * LOW HITPOINT WARNING * * *
The small abomination hits you!
You die...

##### ### ##... ...
#... ,#.# *#.# #..#
#.# #.# #..# #.#
#.# #####..# ##@##
#.#
#......####.x.###.#
,
#.###..........##.#
#.#
#..####....##.#####
*, #.#
#.................#
#.#
#.#####.##.##...#.#
#.# #.# #.##.####.#
#.# #.#####.##.#
#.# #.# #.#.>
..##.# #.# *


You could see a small abomination.

Vanquished Creatures
  A crimson imp (D:2)
  Jessica (D:2)
  Natasha (D:2)
  Terence (D:2)
  An adder (D:2)
  A worm (D:2)
  2 leopard geckos
  9 goblins
  5 hobgoblins
  3 kobolds (D:1)
  3 quokkas (D:2)
  4 bats
  2 frilled lizards (D:1)
  4 rats
38 creatures vanquished.

Notes
Turn   | Place    | Note
-------+----------+-------------------------------------------
     0 | Abyss:1  | SQman the Deep Dwarf Abyssal Knight began the quest for the Orb.
     0 | Abyss:1  | Reached XP level 1. HP: 20/20 MP: 2/2
    20 | D:1      | Escaped the Abyss
   315 | D:1      | Reached XP level 2. HP: 28/28 MP: 3/3
   840 | D:1      | Reached ** piety under Lugonu
  1114 | D:2      | Reached XP level 3. HP: 31/34 MP: 4/4
  1191 | D:2      | Noticed Terence
  1210 | D:2      | Killed Terence
  1364 | D:2      | Noticed Jessica
  1378 | D:2      | Reached XP level 4. HP: 17/42 MP: 4/4
  1383 | D:2      | Killed Jessica
  1396 | D:2      | Found a burning altar of Makhleb.
  1416 | D:2      | Fell from the grace of Lugonu
  1416 | D:2      | Became a worshipper of Makhleb the Destroyer
  1459 | D:2      | Reached XP level 5. HP: 48/50 MP: 5/5
  1472 | D:2      | Noticed Natasha
  1484 | D:2      | Killed Natasha
  1484 | D:2      | Reached skill level 1 in Evocations
  1495 | D:2      | Noticed a small abomination
  1502 | D:2      | Mangled by a small abomination

Skill      XL: |  1  2  3  4  5 |
---------------+----------------+-----
Fighting       | 3 |  3.7
Armour         | 3 |  3.8
Axes           | 3 |  3.7
Evocations     | 1 |  1.0
Dodging        | |  1.2
Invocations    | |  2.4

Action                   |  1- 3 |  4- 6 || total
-------------------------+-------+-------++-------
Melee: Hand axe          |   127 |    38 ||   165
 Abil: Device Recharging |     1 |       ||     1
Evoke: Wand              |     3 |     1 ||     4
  Use: Potion            |     3 |       ||     3
       Scroll            |     2 |       ||     2
  Eat: Chunk             |     1 |     1 ||     2
       Bread ration      |       |     1 ||     1
Armor: Leather armour    |     4 |       ||     4
       Ring mail         |    25 |    16 ||    41
Dodge: Dodged            |    73 |    24 ||    97
